 Dungeon Crawl Stone Soup version 0.30-a0-879-ga8ba668304 (webtiles) character file.

Game seed: 4416241416946436060

2058475 Monkooky the Spry (level 27, 196/196 HPs)
             Began as a Djinni Ice Elementalist on Mar 11, 2023.
             Was the Champion of Cheibriados.
             Escaped with the Orb
             ... and 3 runes on Mar 13, 2023!
             The game lasted 04:12:32 (45866 turns).

Monkooky the Spry (Djinni Ice Elementalist)        Turns: 45866, Time: 04:12:33

Health: 196/196    AC: 25    Str: 22    XL:     27
Gold:   1648       EV: 51    Int: 42    God:    Cheibriados [******] SH:  0 Dex: 31

rFire   + . .      SeeInvis .    i - melded staff of air
rCold   + + .      Faith    .    (shield currently unavailable)
rNeg    + . .      Spirit   .    a - melded +5 scale mail of the Worm {Drain Int+7}
rPois   ∞          Reflect  .    L - melded +3 hat of the Big Bang {Regen+ Int+2 Dex+2 Slay-2}
rElec   +          Rampage  .    s - melded +2 cloak {rCorr}
rCorr   .                        A - melded +2 pair of gloves
Will    ++...                    (boots unavailable)
Stlth   ++                       k - amulet of regeneration
HPRegen 1.32/turn                Z - ring of Plog {rC++ MP+9, =R}
MPRegen 0.00/turn                J - ring "Peisoan" {rF+ rN+}

@: storm-form, flying, studying Armour, very slow
A: cleaving, insubstantial, flying, sickness immunity, (fire resistance 2),
(cold vulnerability 1), float, innate caster, HP casting, extra vitality 1,
dopey 1
0: Orb of Zot
}: 3/15 runes: serpentine, barnacled, abyssal
a: Blinkbolt, End Transformation, Renounce Religion, Bend Time, Temporal
Distortion, Slouch, Step From Time


You escaped.
You worshipped Cheibriados.
Cheibriados was exalted by your worship.
You were a lightning-filled tempest!
You visited 8 branches of the dungeon, and saw 43 of its levels.
You visited the Abyss 1 time.
You visited 1 bazaar.

You collected 6221 gold pieces.
You spent 4573 gold pieces at shops.

Inventory:

Hand Weapons
 E - a +0 trident
 S - a +9 double sword of holy wrath
Missiles
 y - 32 javelins
 B - 7 throwing nets
Armour
 a - the +5 scale mail of the Worm (melded) {Drain Int+7}
   (You found it on level 10 of the Dungeon)

   Int:       It affects your intelligence (+7).
   Drain:     It drains your maximum health when unequipped.
 s - a +2 cloak of preservation (melded)
 A - a +2 pair of gloves (melded)
 L - the +3 hat of the Big Bang (melded) {Regen+ Int+2 Dex+2 Slay-2}
   (You acquired it on level 1 of the Vaults)

   Int:       It affects your intelligence (+2).
   Dex:       It affects your dexterity (+2).
   Slay:      It affects your accuracy & damage with ranged weapons and melee
   (-2).
   Regen:     It increases your rate of health regeneration.
Magical Staves
 i - a staff of air (melded)
Jewellery
 k - an amulet of regeneration (around neck)
 t - a +6 ring of intelligence
 J - the ring "Peisoan" (right fist) {rF+ rN+}
   (You took it off an orc on level 8 of the Dungeon)

   [ring of positive energy]

   rF:        It protects you from fire.
   rN:        It protects you from negative energy.
 N - an amulet of reflection
 O - a ring of resist corrosion
 P - the ring of Dim Light {Wiz rC+ rN+ Dex+3}
   (You acquired it on level 1 of the Depths)

   [ring of wizardry]

   It improves your spell success rate.
   Dex:       It affects your dexterity (+3).
   rC:        It protects you from cold.
   rN:        It protects you from negative energy.
 X - a ring of willpower
 Z - the ring of Plog (left fist) {rC++ MP+9, =R}
   (You bought it in a shop on level 3 of the Snake Pit)

   [ring of magical power]

   rC:        It greatly protects you from cold.
   MP:        It affects your magic capacity (+9).
Wands
 d - a wand of iceblast (7)
 l - a wand of charming (33)
 w - a wand of mindburst (20)
 F - a wand of digging (4)
 M - a wand of acid (34)
 U - a wand of flame (46)
 V - a wand of polymorph (5)
Scrolls
 c - 8 scrolls of immolation
 e - 20 scrolls of teleportation
 j - 10 scrolls of fog
 m - 7 scrolls of poison
 z - 8 scrolls of enchant armour
 C - 2 scrolls of enchant weapon
 D - 5 scrolls of blinking
 H - 9 scrolls of vulnerability
 R - 3 scrolls of silence
 W - 2 scrolls of brand weapon
 Y - 3 scrolls of fear
Potions
 f - 13 potions of mutation
 g - 5 potions of might
 h - 6 potions of resistance
 n - 6 potions of heal wounds
 o - 16 potions of curing
 q - 7 potions of lignification
 r - 3 potions of cancellation
 u - 8 potions of berserk rage
 v - 5 potions of brilliance
 I - 2 potions of ambrosia
 K - 4 potions of invisibility
 T - 14 potions of attraction
Miscellaneous
 p - a phantom mirror
 x - a lightning rod (4/4)
 G - a condenser vane


   Skills:
 - Level 17.0 Fighting
 - Level 13.0 Long Blades
 - Level 10.2 Armour
 + Level 20.5 Dodging
 - Level 7.1 Stealth
 - Level 13.0 Shields
 - Level 17.0 Unarmed Combat
 - Level 20.0 Spellcasting
 - Level 13.2 Invocations
 - Level 7.1 Evocations


You knew the following spells:

 Your Spells              Type           Power      Damage    Failure   Level
a - Freeze                Ice            100%       1d10      0%          1
b - Frozen Ramparts       Ice            100%       1d16      0%          3
c - Ozocubu's Armour      Ice            100%       N/A       0%          3
d - Summon Ice Beast      Ice/Summ       100%       N/A       0%          4
e - Beastly Appendage     Tmut           100%       N/A       0%          1
f - Borgnjor's Vile Clut  Necr/Erth      59%        N/A       0%          5
g - Hailstorm             Conj/Ice       100%       3d20      0%          3
h - Swiftness             Air            100%       N/A       0%          3
i - Passwall              Tmut/Erth      99%        N/A       0%          2
j - Summon Mana Viper     Hex/Summ       100%       N/A       0%          5
k - Eringya's Noxious Bo  Tmut/Pois      59%        N/A       1%          6
l - Haunt                 Necr/Summ      59%        N/A       1%          7
m - Iron Shot             Conj/Erth      59%        9d11      1%          6
n - Storm Form            Tmut/Air       59%        N/A       1%          7
o - Maxwell's Capacitive  Air            59%        ∞         1%          8
p - Lehudib's Crystal Sp  Conj/Erth      59%        10d14     1%          8
q - Chain Lightning       Conj/Air       59%        3d79      16%         9
Your spell library was empty.

Dungeon Overview and Level Annotations

Branches:
Dungeon (15/15)            Temple (0/1) D:7            Lair (5/5) D:9
 Shoals (4/4) Lair:2        Snake (4/4) Lair:2        Slime (0/5) Lair:4
    Orc (2/2) D:11            Elf (0/3) Orc:2        Vaults (4/5) D:14
  Crypt (0/3) Vaults:3     Depths (4/4) D:15            Zot (5/5) Depths:4

Altars:
Ashenzari
Cheibriados
Elyvilon
Fedhas
Gozag
Qazlal
Uskayaw
Wu Jian
Jiyva

Shops:
D:4 *   D:11 *   Orc:2 *:*(   Snake:1 !   Snake:3 *=   Snake:4 [(((
Vaults:1 ((   Vaults:2 (   Vaults:4 !   Depths:2 ([*?

Portals:
Hell: Depths:1 Depths:2 Depths:3 Depths:4
Abyss: Depths:3 Depths:4
Pandemonium: Orc:2 Depths:1 Depths:2
Ziggurat: Depths:3

Annotations:
D:13 2 transporters, Orangeyouglad's ghost, journeyman HuWn
Orc:1 exclusion: downstairs
Vaults:2 Boris
Zot:4 4 transporters


Innate Abilities, Weirdness & Mutations

You are a lightning-filled tempest!
Your electrical attacks strike out in all directions at once.
You are incredibly evasive.
Your insubstantial body is immune to petrification, constriction, and being set on fire You are flying.
Your armour is entirely melded.
You are incapable of wielding weapons or throwing items.
You are immune to sickness and miasma.
You are immune to poison.
((Your flesh is very heat resistant. (rF++)))
((You are vulnerable to cold. (rC-)))
You float through the air rather than walking.
You learn spells naturally, not from books.
Your magical power is your life essence.
You have superior vitality. (+4 MHP)
You are dopey. (Int -2)


Message History

Casting: Storm Form (mildly dangerous; 1% risk of failure)
Confirm with . or Enter, or press ? or * to list all spells.
You feel a surge of power!
You turn into a lightning-filled tempest!
Your staff of air melds into your body.
Your +2 cloak of preservation melds into your body.
The +3 hat of the Big Bang {Regen+ Int+2 Dex+2 Slay-2} melds into your body.
Your +2 pair of gloves melds into your body.
The +5 scale mail of the Worm {Drain Int+7} melds into your body.
Blink to where?
Press: ? - help, Dir - move target
As you read the scroll of blinking, it crumbles to dust.
Blink to where?
Press: ? - help, Dir - move target
As you read the scroll of blinking, it crumbles to dust.
Blink to where?
Press: ? - help, Dir - move target
As you read the scroll of blinking, it crumbles to dust.
Blink to where?
Press: ? - help, Dir - move target
As you read the scroll of blinking, it crumbles to dust.
Blink to where?
Press: ? - help, Dir - move target
As you read the scroll of blinking, it crumbles to dust.
Aiming: Dig
Press: ? - help, Shift-Dir - straight line, f - you Please select a direction to dig.
This square is covered in magical glow.
The rock shatters into small pieces.
What are your orders? t - Bellow!
Orders for allies: a - Attack new target. r - Retreat! s - Stop attacking. g - Guard the area. f - Follow me.
Anything else - Cancel.
Okay, then.
Blink to where?
Press: ? - help, Dir - move target
As you read the scroll of blinking, it crumbles to dust.
You have escaped!

# #### # ...## ### # ....##
#.#### # .....# ##....#### ##
.....# #...##...# ####. .....#
##........## ##.... .....#
#....##....###...#. .....#
#.v.######..#..###. .)..###
#...### #....##... ......####
##....####........# ........:#
###..##.....######
......##.##########.....####...##
...............#..###.###........
.........###..>.....#.§##.....##.
.........#####..##..##........###
.....#...............#..#.....#


There were no monsters in sight!

Vanquished Creatures
  A seraph (Depths:2)
  5 dread liches
  2 orbs of fire (Zot:5)
  3 ancient liches
  Vv (Depths:4)
  10 Killer Klowns
  A curse toe (Zot:3)
  Xtahua (Vaults:2)
  4 caustic shrikes (Depths:4)
  The ghost of Vogeir the Cryomancer, a veteran HuIE of Sif Muna (Vaults:2)
  Saint Roka (Vaults:4)
  5 golden dragons
  A pandemonium lord (D:8)
  2 electric golems
  Jorgrun (Shoals:1)
  13 tentacled monstrosities
  Rupert (Lair:4)
  7 liches
  26 Orb Guardians
  3 quicksilver dragons
  4 titans
  2 krakens (Shoals:3)
  7 death cobs
  5 tentacled starspawn (Abyss:3)
  6 sphinxes
  Kirke (Shoals:1)
  Donald (Vaults:4)
  4 draconian monks
  8 storm dragons
  A thorn hunter (Abyss:3)
  12 shadow dragons
  5 tengu reavers
  5 fire giants
  3 nagarajas (Snake:4)
  4 draconian knights
  An iron dragon (Depths:4)
  Aizul (Snake:2)
  4 deep elf sorcerers
  12 frost giants
  6 vault wardens
  3 ghost moths
  11 draconian scorchers
  Louise (D:15)
  5 draconian annihilators
  5 draconian shifters
  8 draconian stormcallers
  2 spriggan defenders (Depths:2)
  2 orc warlords
  A war gargoyle (Vaults:4)
  3 cacodemons
  12 stone giants
  16 ironbound preservers
  19 very ugly things
  8 ironbound thunderhulks
  11 green draconians
  9 black draconians
  3 vampire knights
  14 white draconians
  2 lorocyprocas
  9 spark wasps (Depths:1)
  19 dire elephants
  10 purple draconians
  Azrael (D:14)
  14 yellow draconians
  Snorg (D:10)
  A deep elf death mage (Vaults:3)
  10 red draconians
  12 ettins
  13 yaktaur captains
  13 merfolk impalers
  Josephine (D:10)
  2 deep elf high priests
  8 merfolk javelineers
  9 fire dragons
  4 rakshasas
  Harold (D:9)
  5 great orbs of eyes
  Erolcha (D:10)
  A salamander tyrant (Snake:4)
  13 vault guards
  4 merfolk avatars
  2 death knights
  20 centaur warriors
  10 ice dragons
  3 spriggan air magi
  5 two-headed ogres
  7 hydras
  A peacekeeper (Vaults:4)
  3 demonspawn (Orc:2)
  Erica (D:11)
  7 boulder beetles
  5 ironbound frosthearts
  8 anacondas
  A catoblepas (Vaults:4)
  6 merfolk aquamancers
  An alligator snapping turtle (Shoals:4)
  3 satyrs
  4 deep troll earth magi
  3 deep troll shamans
  11 naga warriors
  2 orc high priests (Orc:2)
  5 tengu warriors
  A thrashing horror (Abyss:3)
  7 naga sharpshooters
  2 vampire magi
  Urug (D:10)
  7 shock serpents
  2 soul eaters
  Nergalle (D:10)
  7 skysharks
  7 spriggan berserkers
  2 salamander mystics (Depths:1)
  A hell knight (D:15)
  A shadow wraith (Vaults:4)
  3 sixfirhies
  2 cherubim
  12 sea snakes
  A swamp dragon (Vaults:4)
  52 deep trolls
  8 lindwurms
  5 flayed ghosts
  4 naga ritualists
  4 glowing orange brains
  2 iron trolls
  An orb spider (shapeshifter) (Vaults:4)
  6 wizards
  A lindwurm (shapeshifter) (Depths:3)
  10 orc knights
  7 ironbound convokers
  36 harpies
  3 phantasmal warriors
  3 deep elf pyromancers
  10 orc sorcerers
  5 fauns
  29 ugly things
  A deep elf zephyrmancer (D:15)
  3 oklob plants (Lair:4)
  17 salamanders
  3 wolf spiders
  14 manticores
  3 cyclopes
  6 mana vipers
  A moth of wrath (shapeshifter) (Zot:1)
  5 worldbinders (Abyss:3)
  2 guardian serpents (shapeshifter)
  16 moths of wrath
  Maurice (D:11)
  An apocalypse crab (Abyss:3)
  15 elephants
  35 black mambas
  11 merfolk sirens
  14 naga magi
  7 water nymphs
  8 guardian serpents
  A gargoyle (D:12)
  3 orange demons
  12 vault sentinels
  A demonic crawler (Abyss:3)
  4 smoke demons
  Psyche (D:8)
  A rime drake (shapeshifter) (D:9)
  An unseen horror (D:12)
  6 cane toads (Lair:5)
  4 komodo dragons
  A tormentor (Depths:2)
  6 rime drakes
  34 yaktaurs
  An ancient zyme (Abyss:3)
  3 efreet
  A freezing wraith (D:15)
  4 tengu conjurers
  2 red devils
  4 trolls
  3 hellwings
  3 meliai (D:14)
  A queen bee (D:14)
  22 merfolk
  7 hornets
  9 wind drakes
  15 blink frogs
  7 dream sheep
  11 snapping turtles
  23 slime creatures
  A flying skull (Abyss:3)
  4 spriggans
  4 ynoxinuls
  5 air elementals (Shoals:4)
  A shadow (D:13)
  25 water elementals
  A golden eye (Abyss:3)
  3 large abominations
  2 fire elementals (D:14)
  3 hogs (Shoals:1)
  10 wraiths
  29 yaks
  A vampire (D:9)
  17 humans
  3 basilisks
  2 chaos spawn
  4 fire bats (Depths:1)
  8 wyverns
  2 neqoxecs
  A redback (Lair:5)
  3 steam dragons (Shoals:2)
  2 wargs (Orc:2)
  4 acid dragons
  35 nagas
  4 small abominations (Abyss:3)
  23 water moccasins
  2 floating eyes
  4 hell hounds (D:14)
  Duvessa (D:6)
  A swamp drake (Lair:5)
  A black bear (Lair:2)
  An elf simulacrum (Vaults:1)
  34 orc warriors
  3 ogres (Orc:2)
  5 boggarts (Vaults:2)
  17 wolves
  6 centaurs
  A phantom (D:5)
  3 kobold brigands
  3 scorpions
  9 bullfrogs
  4 wights (D:9)
  23 killer bees
  5 howler monkeys
  2 electric eels (Snake:1)
  4 hounds
  A quasit (Abyss:3)
  2 gnoll boudas
  24 orc priests
  An iron imp (Abyss:3)
  A jelly (D:7)
  12 starcursed masses (Abyss:3)
  6 iguanas
  17 orc wizards
  17 gnolls
  6 adders
  2 white imps
  An ufetubus (D:5)
  A worm (D:2)
  2 dart slugs
  73 orcs
  7 ball pythons
  3 bats
  3 endoplasms
  A giant cockroach (D:1)
  6 goblins
  4 hobgoblins
  3 jackals (D:1)
  18 kobolds
  2 frilled lizards
  3 rats (D:1)
  A lurking horror (Abyss:3)
  3 starspawn tentacles (Abyss:3)
  A tentacle (Shoals:3)
1720 creatures vanquished.

Vanquished Creatures (collateral kills)
  Nikola (Shoals:2)
  Asterion (Vaults:1)
  3 quicksilver dragons
  A storm dragon (Zot:1)
  A fire giant (Depths:4)
  A draconian stormcaller (Zot:2)
  A fire dragon (Lair:5)
  A merfolk impaler (Shoals:3)
  2 hydras
  A salamander tyrant (Snake:4)
  An alligator snapping turtle (Shoals:1)
  A merfolk avatar (Shoals:4)
  4 anacondas
  4 centaur warriors
  4 naga sharpshooters (Snake:4)
  A skyshark (Shoals:1)
  2 sea snakes
  A swamp dragon (Lair:5)
  3 harpies (Shoals:3)
  A deep elf pyromancer (D:13)
  An orc sorcerer (Orc:2)
  2 mana vipers
  A salamander (Snake:1)
  A moth of wrath (Zot:5)
  2 merfolk sirens (Shoals:2)
  7 elephants
  4 black mambas
  A guardian serpent (Snake:4)
  A naga mage (Snake:3)
  Joseph (D:7)
  A smoke demon (Orc:2)
  7 cane toads
  A komodo dragon (Lair:4)
  A rime drake (Lair:2)
  2 merfolk (Shoals:2)
  3 wind drakes (Shoals:1)
  10 blink frogs
  A hornet (D:9)
  3 dream sheep
  7 slime creatures
  A wraith (D:13)
  2 water elementals (Shoals:2)
  A wyvern (Lair:5)
  11 yaks
  A neqoxec (Abyss:3)
  2 steam dragons
  6 nagas
  4 water moccasins
  A swamp drake (Lair:5)
  3 orc warriors
  3 wolves (Lair:1)
  2 ogres
  2 phantoms
  3 bullfrogs
  A scorpion (D:6)
  Dowan (D:6)
  3 killer bees
  A hound (D:5)
  4 orc priests
  A sleepcap (D:7)
  5 orc wizards
  A white imp (Abyss:3)
  8 orcs
159 creatures vanquished.

Vanquished Creatures (others)
  An orc (D:11)
  A demonic plant (Abyss:3)
  22 fungi
  82 plants
  5 starspawn tentacles (Abyss:3)
  16 tentacles (Shoals:3)
127 creatures vanquished.

Grand Total: 2006 creatures vanquished

Notes
Turn   | Place    | Note
-------+----------+-------------------------------------------
     0 | D:1      | Monkooky the Djinni Ice Elementalist began the quest for
                  | the Orb.
     0 | D:1      | Monkooky set off with the following spells memorised:
                  | Freeze, Frozen Ramparts, Ozocubu's Armour, Summon Ice
                  | Beast.
     0 | D:1      | Reached XP level 1. HP: 15/15 MP: 0/0
   164 | D:1      | Reached XP level 2. HP: 18/21 MP: 0/0
   439 | D:1      | Reached XP level 3. HP: 21/25 MP: 0/0
   439 | D:1      | Learned a level 1 spell: Beastly Appendage
   862 | D:2      | Found a snail-covered altar of Cheibriados.
   874 | D:2      | Became a worshipper of Cheibriados the Contemplative
  1357 | D:3      | Reached XP level 4. HP: 30/31 MP: 0/0
  1673 | D:3      | Found a stormy altar of Qazlal.
  1766 | D:4      | Found Wunoufiw's General Store.
  1840 | D:4      | Noticed an ogre
  1852 | D:4      | Killed an ogre
  1853 | D:4      | Reached skill level 5 in Spellcasting
  1853 | D:4      | Reached XP level 5. HP: 26/35 MP: 0/0
  1853 | D:4      | Learned a level 2 spell: Passwall
  2016 | D:4      | Reached * piety under Cheibriados
  2017 | D:4      | Reached XP level 6. HP: 32/40 MP: 0/0
  2531 | D:4      | Reached XP level 7. HP: 39/45 MP: 0/0
  2531 | D:4      | Learned a level 3 spell: Hailstorm
  2672 | D:5      | Entered Level 5 of the Dungeon
  3136 | D:5      | Reached XP level 8. HP: 45/50 MP: 0/0
  3161 | D:5      | Reached ** piety under Cheibriados
  4067 | D:6      | Noticed Duvessa
  4070 | D:6      | Noticed Dowan
  4072 | D:6      | Killed Duvessa
  4073 | D:6      | Reached skill level 5 in Dodging
  4167 | D:6      | Reached XP level 9. HP: 53/55 MP: 0/0
  4167 | D:6      | Learned a level 3 spell: Swiftness
  4305 | D:6      | Reached skill level 1 in Fighting
  4593 | D:6      | Killed Dowan
  4868 | D:7      | Reached *** piety under Cheibriados
  4994 | D:7      | Noticed Joseph
  5138 | D:7      | Killed Joseph
  5139 | D:7      | Reached skill level 5 in Fighting
  5244 | D:7      | Found a staircase to the Ecumenical Temple.
  5928 | D:8      | Reached XP level 10. HP: 59/75 MP: 0/0
  5984 | D:8      | Reached **** piety under Cheibriados
  6020 | D:8      | Reached skill level 1 in Invocations
  6051 | D:8      | Noticed a centaur warrior
  6077 | D:8      | Killed a centaur warrior
  6253 | D:8      | Found a white marble altar of Elyvilon.
  6257 | D:8      | Found a broken altar of Ashenzari.
  6306 | D:8      | Noticed Psyche
  6318 | D:8      | Killed Psyche
  6319 | D:8      | Reached skill level 5 in Invocations
  6335 | D:8      | Identified the ring "Peisoan" {rF+ rN+}
  6637 | D:9      | Noticed Harold
  6641 | D:9      | Killed Harold
  6776 | D:9      | Noticed a centaur warrior
  6847 | D:9      | Noticed a rime drake
  6855 | D:9      | Killed a rime drake
  6925 | D:9      | Noticed a red ugly thing
  7017 | D:9      | Reached XP level 11. HP: 60/79 MP: 0/0
  7017 | D:9      | Learned a level 5 spell: Borgnjor's Vile Clutch
  7053 | D:9      | Killed a red ugly thing
  7101 | D:9      | Found a staircase to the Lair.
  7212 | D:9      | Noticed a two-headed ogre
  7222 | D:9      | Killed a two-headed ogre
  7323 | D:9      | Reached ***** piety under Cheibriados
  7438 | D:9      | Identified the +0 troll leather armour of Prudence {Regen+
                  | Str+3}
  7480 | D:9      | Killed a centaur warrior
  7622 | D:10     | Entered Level 10 of the Dungeon
  7622 | D:10     | Noticed Erolcha
  7627 | D:10     | Killed Erolcha
  7676 | D:10     | Noticed Urug
  7683 | D:10     | Killed Urug
  7829 | D:10     | Noticed Nergalle
  7843 | D:10     | Killed Nergalle
  7915 | D:10     | Identified the +5 scale mail of the Worm {Drain Int+7}
  8014 | D:10     | Noticed Josephine
  8015 | D:10     | Noticed Snorg
  8024 | D:10     | Killed Josephine
  8026 | D:10     | Reached skill level 10 in Spellcasting
  8026 | D:10     | Reached XP level 12. HP: 69/86 MP: 0/0
  8026 | D:10     | Killed Snorg
  8274 | D:11     | Noticed a two-headed ogre
  8279 | D:11     | Killed a two-headed ogre
  8392 | D:11     | Found Nismu's General Store.
  8396 | D:11     | Identified the +6 dagger "Haiddiacw" {drain, +Blink rF++
                  | Stlth-}
  8447 | D:11     | Noticed Erica
  8455 | D:11     | Killed Erica
  8483 | D:11     | Found a staircase to the Orcish Mines.
  8812 | D:11     | Noticed Maurice
  8816 | D:11     | Killed Maurice
  8861 | D:12     | Noticed a boulder beetle
  8868 | D:12     | Killed a boulder beetle
  9161 | D:12     | Noticed a two-headed ogre
  9164 | D:12     | Killed a two-headed ogre
  9204 | D:12     | Reached XP level 13. HP: 83/92 MP: 0/0
  9204 | D:12     | Learned a level 5 spell: Summon Mana Viper
  9509 | D:13     | Noticed a seven-headed hydra
  9514 | D:13     | Killed a seven-headed hydra
  9516 | D:13     | Noticed a centaur warrior
  9522 | D:13     | Killed a centaur warrior
  9605 | D:13     | Found a transporter.
  9606 | D:13     | Noticed Orangeyouglad's ghost (journeyman HuWn)
  9624 | D:13     | Reached skill level 10 in Invocations
  9632 | D:13     | Noticed a catoblepas
  9639 | D:13     | Found a transporter.
  9720 | D:13     | Reached skill level 1 in Armour
 10072 | D:13     | Reached skill level 5 in Armour
 10535 | Lair:1   | Entered Level 1 of the Lair of Beasts
 10571 | Lair:1   | Found a broken altar of Ashenzari.
 10582 | Lair:1   | Reached skill level 1 in Evocations
 10582 | Lair:1   | Reached ****** piety under Cheibriados
 10973 | Lair:1   | Reached skill level 5 in Evocations
 11436 | Lair:2   | Found a hide-covered altar of Uskayaw.
 11447 | Lair:2   | Found an ornate altar of the Wu Jian Council.
 11460 | Lair:2   | Found a staircase to the Snake Pit.
 11528 | Lair:2   | Reached XP level 14. HP: 97/98 MP: 0/0
 11693 | Lair:2   | Found a staircase to the Shoals.
 11703 | Lair:2   | Reached skill level 1 in Shields
 12535 | Lair:3   | Reached skill level 5 in Shields
 12771 | Lair:3   | Found a hide-covered altar of Uskayaw.
 13205 | Lair:4   | Noticed Rupert
 13212 | Lair:4   | Killed Rupert
 13268 | Lair:4   | Found a staircase to the Slime Pits.
 13268 | Lair:4   | Found a viscous altar of Jiyva.
 13834 | Lair:4   | Upgraded the game from 0.30-a0-870-gc5d4c5acee to
                  | 0.30-a0-879-ga8ba668304
 14157 | Lair:5   | Entered Level 5 of the Lair of Beasts
 14194 | Lair:5   | Reached XP level 15. HP: 93/103 MP: 0/0
 14194 | Lair:5   | Learned a level 6 spell: Eringya's Noxious Bog
 14416 | Lair:5   | Reached skill level 10 in Dodging
 14653 | Lair:5   | Reached skill level 10 in Shields
 15844 | Orc:1    | Entered Level 1 of the Orcish Mines
 16270 | Orc:2    | Entered Level 2 of the Orcish Mines
 16567 | Orc:2    | Found Laguoz's General Store.
 16583 | Orc:2    | Found Genekoil's General Store.
 16624 | Orc:2    | Reached XP level 16. HP: 103/112 MP: 0/0
 16800 | Orc:2    | Found Mivatem's Antique Weapon Shoppe.
 16800 | Orc:2    | Found Era Fecs's Book Emporium.
 16801 | Orc:2    | Found a one-way gate leading to the halls of Pandemonium.
 16836 | Orc:2    | Bought a potion of heal wounds for 55 gold pieces
 16838 | Orc:2    | Bought a potion of degeneration for 10 gold pieces
 16839 | Orc:2    | Bought a scroll of identify for 20 gold pieces
 16990 | Orc:2    | Found a staircase to the Elven Halls.
 17532 | Snake:1  | Entered Level 1 of the Snake Pit
 17813 | Snake:1  | Reached skill level 10 in Fighting
 18013 | Snake:1  | Found Kompuhoi's Distillery.
 18020 | Snake:1  | Bought a potion of mutation for 144 gold pieces
 18020 | Snake:1  | Bought a potion of attraction for 54 gold pieces
 18020 | Snake:1  | Bought a potion of resistance for 180 gold pieces
 18904 | Snake:2  | Noticed Aizul
 18912 | Snake:2  | Killed Aizul
 19940 | Snake:3  | Reached XP level 17. HP: 115/120 MP: 0/0
 19940 | Snake:3  | Learned a level 7 spell: Haunt
 20167 | Snake:3  | Found Jujal's Jewellery Shoppe.
 20175 | Snake:3  | Bought the ring of Plog {rC++ MP+9} for 578 gold pieces
 20183 | Snake:3  | Found Gaubb's Assorted Antiques.
 20187 | Snake:3  | Bought 2 orange potions for 45 gold pieces
 20187 | Snake:3  | Bought a potion of heal wounds for 125 gold pieces
 20734 | Snake:4  | Entered Level 4 of the Snake Pit
 21067 | Snake:4  | Found Icir's Antique Weapon Shoppe.
 21067 | Snake:4  | Found Aduhe's Weapon Shoppe.
 21068 | Snake:4  | Found Onoqeb's Armour Shoppe.
 21069 | Snake:4  | Found Fiaral's Antique Weapon Shoppe.
 21082 | Snake:4  | Bought a glowing longbow for 323 gold pieces
 21505 | Snake:4  | Noticed a quicksilver dragon
 21516 | Snake:4  | Killed a quicksilver dragon
 21578 | Snake:4  | Noticed a quicksilver dragon
 21582 | Snake:4  | Killed a quicksilver dragon
 21643 | Snake:4  | Reached XP level 18. HP: 126/128 MP: 0/0
 21714 | Snake:4  | Got a serpentine rune of Zot
 21932 | Shoals:1 | Entered Level 1 of the Shoals
 21981 | Shoals:1 | Noticed Jorgrun
 21988 | Shoals:1 | Killed Jorgrun
 22134 | Shoals:1 | Reached skill level 15 in Spellcasting
 22368 | Shoals:1 | Noticed Kirke
 22375 | Shoals:1 | Killed Kirke
 22609 | Shoals:1 | Identified the +5 scale mail "Viol" {Rampage Dex+2}
 22995 | Shoals:2 | Noticed Nikola
 23006 | Shoals:2 | Killed Nikola
 23019 | Shoals:2 | Reached skill level 10 in Armour
 24130 | Shoals:3 | Noticed a kraken
 24151 | Shoals:3 | Killed a kraken
 24152 | Shoals:3 | Reached XP level 19. HP: 116/135 MP: 0/0
 24152 | Shoals:3 | Learned a level 6 spell: Iron Shot
 24661 | Shoals:4 | Entered Level 4 of the Shoals
 24661 | Shoals:4 | Found a blossoming altar of Fedhas.
 25016 | Shoals:4 | Paralysed by an air elemental for 1 turns
 25132 | Shoals:4 | Reached skill level 1 in Long Blades
 25315 | Shoals:4 | Paralysed by an air elemental for 1 turns
 25340 | Shoals:4 | Found a stormy altar of Qazlal.
 25462 | Shoals:4 | Paralysed by an air elemental for 1 turns
 25581 | Shoals:4 | Paralysed by an air elemental for 1 turns
 25615 | Shoals:4 | Reached skill level 5 in Long Blades
 25905 | Shoals:4 | Noticed a titan
 25908 | Shoals:4 | Killed a titan
 25934 | Shoals:4 | Got a barnacled rune of Zot
 26250 | D:14     | Noticed Azrael
 26250 | D:14     | Found a gate to the Vaults.
 26252 | D:14     | Killed Azrael
 26327 | D:14     | Reached XP level 20. HP: 132/144 MP: 0/0
 26837 | D:15     | Entered Level 15 of the Dungeon
 26940 | D:15     | Found a staircase to the Depths.
 27277 | D:15     | Noticed Louise
 27295 | Abyss:3  | Cast into level 3 of the Abyss (Louise)
 27539 | Abyss:3  | Reached skill level 10 in Long Blades
 27633 | Abyss:3  | Gained mutation: You are dopey. (Int -2) [a neqoxec]
 27649 | Abyss:3  | Found a corrupted altar of Lugonu.
 27719 | Abyss:3  | Got an abyssal rune of Zot
 27754 | D:15     | Escaped the Abyss
 27757 | D:15     | Killed Louise
 28241 | Vaults:1 | Entered Level 1 of the Vaults
 28287 | Vaults:1 | Found Rybema's Weapon Boutique.
 28408 | Vaults:1 | Identified a scroll of acquirement
 28447 | Vaults:1 | Acquired the +3 hat of the Big Bang {Regen+ Int+2 Dex+2
                  | Slay-2}
 28539 | Vaults:1 | Noticed Asterion
 28601 | Vaults:1 | Killed Asterion
 28695 | Vaults:1 | Found a flickering gateway to a bazaar.
 28710 | Vaults:1 | Found Syorphet's Weapon Shoppe.
 28739 | Bazaar   | Entered a bazaar
 28753 | Bazaar   | Found Liri Doi's Magic Scroll Shoppe.
 28769 | Bazaar   | Found Baercheta's Antique Weapon Emporium.
 28769 | Bazaar   | Found Cudeoklo's Antique Armour Shoppe.
 28791 | Bazaar   | Found Nimnice's Antique Armour Emporium.
 28791 | Bazaar   | Found Diennoto's Magic Scroll Shoppe.
 28813 | Bazaar   | Found Atahaet's Armour Shoppe.
 28866 | Bazaar   | Bought shimmering swamp dragon scales for 1650 gold pieces
 28866 | Bazaar   | Identified the +1 swamp dragon scales "Niphus" {rPois rN++
                  | Regen+ Int-4 SInv Stlth+} (You bought it in a shop in a
                  | bazaar)
 28904 | Bazaar   | Bought a scroll of enchant weapon for 90 gold pieces
 28904 | Bazaar   | Bought a scroll of enchant armour for 90 gold pieces
 28930 | Bazaar   | Bought a scroll of enchant weapon for 67 gold pieces
 29096 | Vaults:1 | Reached XP level 21. HP: 133/149 MP: 0/0
 29096 | Vaults:1 | Learned a level 7 spell: Storm Form
 29679 | Vaults:2 | Reached skill level 1 in Unarmed Combat
 30118 | Depths:1 | Entered Level 1 of the Depths
 30311 | Vaults:2 | Reached skill level 5 in Unarmed Combat
 30632 | Vaults:2 | Noticed Boris
 30718 | Vaults:2 | Found a runed translucent gate.
 30721 | Vaults:2 | Found a runed translucent gate.
 30749 | Vaults:2 | Found a runed translucent gate.
 30749 | Vaults:2 | Noticed Vogeir's ghost (veteran HuIE)
 30810 | Vaults:2 | Found Cujuuc's Antique Weapon Emporium.
 30916 | Vaults:2 | Noticed Xtahua
 30924 | Vaults:2 | Paralysed by Xtahua for 5 turns
 30930 | Vaults:2 | Killed Xtahua
 31037 | Vaults:2 | Reached skill level 10 in Unarmed Combat
 31598 | Vaults:3 | Reached XP level 22. HP: 134/158 MP: 0/0
 31953 | Vaults:3 | Paralysed by a great orb of eyes for 5 turns
 32523 | Vaults:3 | Identified the +2 leather armour of the Barnacle {rF+ rN++
                  | Int-2 Stlth+}
 32615 | Vaults:3 | Found a staircase to the Crypt.
 33507 | Vaults:4 | Found Vuis's Distillery.
 33674 | Vaults:4 | Noticed Saint Roka
 33685 | Vaults:4 | Killed Saint Roka
 33766 | Vaults:4 | Reached skill level 15 in Unarmed Combat
 34070 | Vaults:4 | Reached XP level 23. HP: 156/164 MP: 0/0
 34070 | Vaults:4 | Learned a level 8 spell: Maxwell's Capacitive Coupling
 34071 | Vaults:4 | Noticed a dread lich
 34074 | Vaults:4 | Killed a dread lich
 34188 | Vaults:4 | Identified the +1 leather armour "Mila" {Dex+4}
 34279 | Vaults:4 | Acquired a manual of Armour
 34421 | Vaults:4 | Identified the +0 leather armour of Jigsaw {Will+ Regen+
                  | Str+6 Dex-4}
 34589 | Vaults:4 | Noticed Donald
 34595 | Vaults:4 | Killed Donald
 35043 | Depths:1 | Found an opulent altar of Gozag.
 35485 | Depths:1 | Reached skill level 5 in Stealth
 35600 | Depths:1 | Found a gateway to Hell.
 35604 | Depths:1 | Acquired the ring of Dim Light {Wiz rC+ rN+ Dex+3}
 36458 | Depths:2 | Reached skill level 15 in Fighting
 36541 | Depths:2 | Reached XP level 24. HP: 145/174 MP: 0/0
 36833 | Vaults:4 | Bought a potion of experience for 1000 gold pieces
 36835 | Vaults:4 | Reached XP level 25. HP: 181/181 MP: 0/0
 36835 | Vaults:4 | Learned a level 8 spell: Lehudib's Crystal Spear
 37192 | Depths:2 | Found Goicoputh's Magic Scroll Shoppe.
 37192 | Depths:2 | Found Fichiet's Weapon Emporium.
 37193 | Depths:2 | Found Katorr's Armour Emporium.
 37197 | Depths:2 | Found Xishriagh's Assorted Antiques.
 37200 | Depths:2 | Bought a scroll of magic mapping for 142 gold pieces
 37516 | Depths:3 | Found a one-way gateway to a ziggurat.
 37629 | Depths:3 | Found an opulent altar of Gozag.
 37834 | Depths:3 | Found a one-way gate to the infinite horrors of the Abyss.
 38318 | Depths:4 | Entered Level 4 of the Depths
 38318 | Depths:4 | Noticed Vv
 38327 | Depths:4 | Killed Vv
 38441 | Depths:4 | Found a gate to the Realm of Zot.
 38986 | Depths:4 | Identified the +5 mace of Ocuesaote {drain, rC- Str+8}
 39524 | Depths:4 | Noticed a caustic shrike
 39526 | Depths:4 | Noticed a caustic shrike
 39526 | Depths:4 | Noticed a caustic shrike
 39528 | Depths:4 | Noticed a caustic shrike
 39530 | Depths:4 | Killed a caustic shrike
 39532 | Depths:4 | Killed a caustic shrike
 39532 | Depths:4 | Killed a caustic shrike
 39532 | Depths:4 | Killed a caustic shrike
 39960 | Vaults:2 | Killed Vogeir's ghost
 40201 | Zot:1    | Entered Level 1 of the Realm of Zot
 40203 | Zot:1    | Noticed an ancient lich
 40313 | Zot:1    | Reached XP level 26. HP: 172/187 MP: 0/0
 40777 | Zot:1    | Killed an ancient lich
 40837 | Zot:1    | Identified the +1 ring mail of Youthful Indiscretion {Int+3
                  | Slay+3}
 41538 | Zot:2    | Noticed a Killer Klown
 41643 | Zot:2    | Killed a Killer Klown
 42240 | Zot:2    | Identified the +10 dagger "Hell-Harrower" {antimagic,
                  | Will++}
 42566 | Zot:2    | Noticed a Killer Klown
 42571 | Zot:2    | Killed a Killer Klown
 43318 | Zot:3    | Noticed a curse toe
 43329 | Zot:3    | Killed a curse toe
 43534 | Zot:3    | Reached XP level 27. HP: 92/193 MP: 0/0
 43534 | Zot:3    | Learned a level 9 spell: Chain Lightning
 44039 | Zot:4    | Found a transporter.
 44060 | Zot:4    | Found a transporter.
 44088 | Zot:4    | Found a transporter.
 44104 | Zot:4    | Found a transporter.
 44236 | Zot:5    | Entered Level 5 of the Realm of Zot
 44257 | Zot:5    | Noticed a Killer Klown
 44268 | Zot:5    | Killed a Killer Klown
 44616 | Zot:5    | Reached skill level 15 in Dodging
 44682 | Zot:5    | Noticed a dread lich
 44687 | Zot:5    | Killed a dread lich
 44687 | Zot:5    | Noticed an orb of fire
 44688 | Zot:5    | Noticed an orb of fire
 44691 | Zot:5    | Killed an orb of fire
 44693 | Zot:5    | Noticed a dread lich
 44699 | Zot:5    | Noticed a Killer Klown
 44703 | Zot:5    | Noticed a Killer Klown
 44705 | Zot:5    | Killed a Killer Klown
 44705 | Zot:5    | Noticed a Killer Klown
 44715 | Zot:5    | Killed a Killer Klown
 44716 | Zot:5    | Killed a Killer Klown
 44800 | Zot:5    | Noticed an ancient lich
 44800 | Zot:5    | Noticed a Killer Klown
 44804 | Zot:5    | Killed a Killer Klown
 44812 | Zot:5    | Killed an ancient lich
 44933 | Zot:5    | Noticed a dread lich
 44940 | Zot:5    | Noticed a Killer Klown
 44942 | Zot:5    | Killed a dread lich
 44955 | Zot:5    | Killed a Killer Klown
 45008 | Zot:5    | Killed an orb of fire
 45092 | Zot:5    | Killed a dread lich
 45236 | Zot:5    | Noticed an ancient lich
 45239 | Zot:5    | Killed an ancient lich
 45244 | Zot:5    | Noticed a dread lich
 45247 | Zot:5    | Killed a dread lich
 45259 | Zot:5    | Noticed a Killer Klown
 45266 | Zot:5    | Killed a Killer Klown
 45300 | Zot:5    | Noticed a Killer Klown
 45303 | Zot:5    | Killed a Killer Klown
 45399 | Zot:5    | Got the Orb of Zot
 45569 | Depths:2 | Noticed a seraph
 45575 | Depths:2 | Killed a seraph
 45741 | D:8      | Noticed Agiyheme the pandemonium lord
 45747 | D:8      | Killed Agiyheme the pandemonium lord
 45853 | D:2      | Noticed Xeveta the pandemonium lord
 45866 | D:$      | Escaped with the Orb!

Illustrated notes

Levels and vault maps discovered:
D:1:      dpeg_arrival_round_c, layout_rooms, minmay_parallelograms
D:2:      layout_loops_cross, basic_altar
D:3:      layout_rooms, marbit_many_paths
D:4:      cheibrodos_helix_gallery, layout_basic, serial_shops,
          nicolae_shop_statue_plus, serial_glass, glass_columns_b,
          glass_columns_b, minmay_liquid_box
D:5:      layout_basic, minmay_misc_feat_rows
D:6:      layout_gridville, uniq_duvessa
D:7:      layout_loops_ring, minmay_temple_entry_slanted, uniq_joseph
D:8:      layout_gridville, kiku_gazebo_garden_becter,
          grunt_temple_overflow_open, chequers_serial_rivers_large_a,
          uniq_psyche
D:9:      layout_roguey, lair_entry_dummy, kennysheep_decorative_pillar,
          corexii_checkpoint_b, minmay_diamond_spiral, uniq_harold
D:10:     layout_rooms, uniq_erolcha, uniq_urug, uniq_josephine, uniq_snorg,
          uniq_nergalle
D:11:     layout_irregular_city, david_orc_3, serial_shops,
          nicolae_take_the_stairs, uniq_maurice, uniq_erica
D:12:     layout_rooms, special_room [special_room_orc]
D:13:     hellmonk_ruined_rings, layout_irregular_city,
          gammafunk_ghost_berserking_beasts
D:14:     layout_roguey [special_room_bee], david_vaults_3,
          nicolae_figureground_pulse, uniq_azrael
D:15:     hangedman_depths_entry_civil_slaughter, layout_cave_pods,
          serial_bayou_pond_c, uniq_louise
Lair:1:   layout_roguey, basic_altar, grunt_forest_large_clearing_hut
Lair:2:   layout_long_grid, minmay_shoals_entry_lonely_mermaid,
          dummy_snake_entry, nzn_masters_of_martial_movement,
          serial_bayou_shore_b
Lair:3:   layout_chaotic_city, basic_altar, grunt_megastairs_5,
          infiniplex_staircase_pool_2
Lair:4:   layout_gridlike, minmay_slime_entry_oklob_open, uniq_rupert
Lair:5:   guppyfry_lair_end_dragon, layout_cave_pods,
          hangedman_lair_tendril_chambers, st_stairs_13, serial_bayou_shore_b
Shoals:1: cheibrodos_shoals_epimethial_gifts, layout_shoals, uniq_kirke,
          uniq_jorgrun
Shoals:2: layout_shoals, nicolae_shoals_drake_roost, uniq_nikola
Shoals:3: layout_shoals
Shoals:4: shoals_end_hellmonk_storm_palace [storm_palace_center_square,
          storm_palace_corner_altar, storm_palace_corner_pillars,
          storm_palace_corner_reverse_hut, storm_palace_corner_altar]
Snake:1:  layout_chambers, serial_shops, nicolae_shop_window_shopping,
          nrook_guardian_serpent_double, grunt_megastairs_4,
          serial_bayou_shore_b, serial_bayou_shore_a
Snake:2:  layout_concentric_octagons, uniq_aizul
Snake:3:  layout_chambers, drop_trap, minmay_shop_star, lemuel_fruit_tree
Snake:4:  hellmonk_snake_rune_quicksilver_temple, layout_rooms,
          minmay_shop_grid_forest, drop_trap
Orc:1:    layout_caves
Orc:2:    pf_orc_diabolical, layout_diamond_mine, basic_altar
Vaults:1: hangedman_vaults_stagger, v_misc_25, grunt_vaults_hallway_short,
          v_misc_4, v_misc_14, hangedman_vaults_hat, vaults_room_stairs_pillars,
          vaults_standard_mumra_lines, ontoclasm_vaults_loading_screen,
          nicolae_vaults_little_squares_6, serial_ice_g, vaults_dpeg_ring,
          nicolae_vaults_ring_of_whatevers, layout_vaults_big_room,
          serial_shops, bzr_in_the_mist, nicolae_shop_hallway_plus,
          shop_fountains, uniq_asterion
Vaults:2: gammafunk_ghost_split, nicolae_vaults_fighting_squares,
          nicolae_vaults_windows_and_doors_thing, nicolae_vaults_rhombus_6,
          v_rooms_6, v_misc_22, layout_vaults_omnigrid, serial_shops,
          nicolae_diamond_shop, uniq_boris, uniq_xtahua
Vaults:3: hangedman_vaults_stream, nicolae_vaults_hallways_thing,
          v_alt_pattern_5, v_misc_30, ontoclasm_vaults_tryst, v_rooms_5,
          v_alt_pattern_6, minmay_crypt_entry_simple_statues, v_pattern_5,
          nicolae_vaults_rhombus_6, vaults_room_guarded_vault,
          vaults_dpeg_diagonal, nicolae_vaults_little_squares_4,
          layout_vaults_ring
Vaults:4: ontoclasm_vaults_ligature, nicolae_vaults_asterisk,
          nicolae_vaults_network_quinsquares
          [nicolae_vaults_network_quincunx_subvault,
          nicolae_vaults_network_quincunx_subvault,
          nicolae_vaults_network_quincunx_subvault,
          nicolae_vaults_network_quincunx_subvault], v_misc_22, v_misc_22,
          hangedman_vaults_nails, vaults_standard_mumra_enter_the_diamond,
          vaults_dpeg_hooks, vaults_room_ringed_pool, vaults_room_pool,
          st_greater_box_1, nicolae_vaults_sealed_display, v_misc_33,
          vaults_room_fours, nicolae_vaults_angled_halls,
          ontoclasm_vaults_bender, ontoclasm_vaults_loading_screen,
          vaults_room_semicircle, layout_vaults_maze_bifur, serial_shops, shop,
          uniq_saint_roka, uniq_donald
Depths:1: layout_basic, grunt_pan_entry_in_and_out,
          nicolae_gozag_cash_rules_everything_around_me,
          pf_hell_entry_tar_spiral, grunt_ministairs_9, minmay_librarian
Depths:2: minmay_angry_zag, layout_basic, minmay_misc_feat_tower,
          pf_coc_iceberg, rand_demon_pan_entry_7, minmay_shoptagon,
          infiniplex_staircase_split_hallway
Depths:3: minmay_diamond_stairs, layout_gridlike, enter_ziggurat_e, hell_entry,
          lemuel_coloured_pillars_altar, abyss_entry, minmay_staircase_statues
Depths:4: grunt_zot_entry_tricorne, layout_long_grid, hell_entry,
          hangedman_abyss_entry_splay, grunt_decor_cap, uniq_vv
Zot:1:    hangedman_zot_vaults_quadrants, layout_onion
Zot:2:    lemuel_draconian_sentries, layout_twisted_circle, uniq_josephina
Zot:3:    layout_onion_interference, grunt_megastairs_3
Zot:4:    layout_misc_corridors, st_single_dragon_hoard_1,
          nicolae_transporter_intersection
Zot:5:    layout_misc_corridors, hangedman_zot_decor_scrapings,
          hangedman_zot_decor_slant

Skill      XL: |  1  2  3  4  5  6  7  8  9 10 11 12 13 14 15 16 17 18 19 20 21 22 23 24 25 26 27 |
---------------+----------------------------------------------------------------------------------+-----
Spellcasting   | 4 5 6 7 8 10 12 14 15 17 19 20 | 20.0
Dodging        | 5 6 7 9 11 12 13 20 | 20.5
Fighting       | 7 8 9 10 11 12 13 14 15 16 17 | 17.0
Invocations    | 8 9 10 12 13 | 13.2
Armour         | 5 6 8 9 10 | 10.2
Evocations     | 7 |  7.1
Shields        | 9 11 12 13 | 13.0
Long Blades    | 7 13 | 13.0
Unarmed Combat | 10 15 17 | 17.0
Stealth        | 7 |  7.1

Action                     |  1- 3 |  4- 6 |  7- 9 | 10-12 | 13-15 | 16-18 | 19-21 | 22-24 | 25-27 || total
---------------------------+-------+-------+-------+-------+-------+-------+-------+-------+-------++-------
  Melee: Unarmed           |     1 |       |       |     4 |       |       |   112 |   261 |   380 ||   758
         Dagger            |     8 |       |       |       |       |       |       |       |       ||     8
         Staff             |       |    20 |    35 |    15 |   172 |    91 |    14 |    31 |     2 ||   380
         Punch             |       |       |     2 |       |       |       |     8 |    27 |    55 ||    92
         Demon trident     |       |       |       |     5 |       |       |       |       |       ||     5
         Double sword      |       |       |       |       |       |       |   177 |       |       ||   177
   Cast: Freeze            |    48 |    18 |    13 |     2 |       |       |       |       |       ||    81
         Frozen Ramparts   |     2 |     6 |    31 |    29 |    23 |    14 |    15 |     6 |     5 ||   131
         Summon Ice Beast  |       |     2 |    18 |    23 |    13 |     4 |     1 |       |       ||    61
         Ozocubu's Armour  |       |     2 |    10 |    16 |    36 |    34 |    21 |    13 |    28 ||   160
         Hailstorm         |       |       |     2 |    49 |     1 |     3 |       |       |       ||    55
         Borgnjor's Vile C |       |       |       |    35 |   160 |   264 |    66 |    29 |    69 ||   623
         Summon Mana Viper |       |       |       |       |    66 |    47 |     8 |     2 |     1 ||   124
         Eringya's Noxious |       |       |       |       |    16 |    12 |    13 |     2 |     6 ||    49
         Haunt             |       |       |       |       |       |     5 |     2 |       |     8 ||    15
         Iron Shot         |       |       |       |       |       |       |   249 |   130 |    10 ||   389
         Passwall          |       |       |       |       |       |       |     1 |       |       ||     1
         Storm Form        |       |       |       |       |       |       |    17 |    32 |    81 ||   130
         Lehudib's Crystal |       |       |       |       |       |       |       |       |   142 ||   142
         Maxwell's Capacit |       |       |       |       |       |       |       |       |     4 ||     4
         Chain Lightning   |       |       |       |       |       |       |       |       |     8 ||     8
 Invoke: Slouch            |       |       |       |     1 |       |     3 |     3 |       |     8 ||    15
         Step From Time    |       |       |       |       |       |       |       |     1 |     2 ||     3
         Temporal Distorti |       |       |       |       |       |       |       |     1 |     3 ||     4
Ability: Blinkbolt         |       |       |       |       |       |       |    13 |    34 |    38 ||    85
         End Transformatio |       |       |       |       |       |       |     3 |       |     4 ||     7
  Evoke: Wand              |       |       |       |       |       |     8 |     3 |       |    17 ||    28
         Phantom mirror    |       |       |       |       |       |       |       |       |     1 ||     1
         Lightning rod     |       |       |       |       |       |       |       |       |     4 ||     4
         Condenser vane    |       |       |       |       |       |       |       |       |     1 ||     1
    Use: Scroll            |       |       |     6 |     3 |     6 |     8 |    14 |     4 |    20 ||    61
         Potion            |       |       |       |       |       |     1 |     5 |     1 |    10 ||    17
   Stab: Sleeping          |     1 |       |       |       |       |       |       |       |       ||     1
         Distracted        |       |       |       |       |     1 |     3 |     1 |       |       ||     5
 Armour: Robe              |    11 |     2 |     9 |       |       |       |       |       |       ||    22
         Ring mail         |       |       |     8 |    28 |       |       |       |       |       ||    36
         Scale mail        |       |       |       |     9 |   103 |    72 |    87 |    25 |     6 ||   302
         Skin              |       |       |       |       |       |       |    43 |    53 |    93 ||   189
  Dodge: Dodged            |    29 |    30 |   114 |   120 |   195 |   199 |   541 |   362 |   652 ||  2242
  Block: Kite shield       |       |       |       |       |   164 |   268 |   259 |    72 |       ||   763

Table legend: (Time is in decaauts)
 A = Elapsed time spent in this place.
 B = Non-inter-level travel time spent in this place.
 C = Inter-level travel time spent in this place.
 D = Time resting spent in this place.
 E = Time spent auto-exploring this place.
 F = Levels seen in this place.
 G = Mean time per level.
                   A        B        C        D        E       F      G
               +--------+--------+--------+--------+--------+-----+--------+
         Total |  73888 |  65371 |   8517 |   2897 |  49842 |  45 | 1642.0 |
       Dungeon |  19352 |  16340 |   3012 |    614 |  13086 |  15 | 1290.1 |
          Lair |   9643 |   8415 |   1228 |    146 |   7065 |   5 | 1928.6 |
        Shoals |   6683 |   6312 |    371 |    183 |   4766 |   4 | 1670.8 |
     Snake Pit |   7687 |   7227 |    460 |     83 |   6075 |   4 | 1921.8 |
  Orcish Mines |   2656 |   2456 |    200 |     19 |   2032 |   2 | 1328.0 |
        Vaults |  10844 |   9195 |   1649 |    393 |   6964 |   4 | 2711.0 |
        Depths |   7839 |   6966 |    873 |    315 |   5502 |   4 | 1959.8 |
           Zot |   8067 |   7346 |    721 |   1051 |   4184 |   5 | 1613.4 |
         Abyss |    680 |    680 |      0 |     92 |     52 |   1 |  680.0 |
        Bazaar |    434 |    434 |      0 |      0 |    115 |   1 |  434.0 |
               +--------+--------+--------+--------+--------+-----+--------+

Top non-repeatable levels by time:
Vaults:2: 2904 daAuts
Vaults:4: 2875 daAuts
   Zot:2: 2792 daAuts
Vaults:3: 2639 daAuts
  Lair:5: 2552 daAuts
    D:15: 2529 daAuts
Vaults:1: 2425 daAuts
 Snake:1: 2328 daAuts
   Zot:1: 2305 daAuts
Depths:4: 2215 daAuts
Depths:1: 2208 daAuts
 Snake:3: 2090 daAuts
  Lair:1: 2050 daAuts
Shoals:4: 1996 daAuts
  Lair:2: 1877 daAuts
